 Dungeon Crawl Stone Soup version 0.30.0-29-ga12c61a403 (webtiles) character file.

Game seed: 8164970952372127575

671 jareczek the Trooper (level 7, -5/61 HPs)
             Began as a Purple Draconian Berserker on June 11, 2023.
             Was a Priest of Trog.
             Slain by an iguana (12 damage)
             ... on level 5 of the Dungeon.
             The game lasted 00:14:06 (2419 turns).

jareczek the Trooper (Purple Draconian Berserker)   Turns: 2419, Time: 00:14:07

Health: -5/61      AC:  6    Str: 24    XL:     7   Next: 32%
Magic:  16/16      EV: 13    Int:  8    God:    Trog [***...]
Gold:   139        SH:  0    Dex: 10    Spells: 6/6 levels left

rFire   . . .        i - +2 hand axe of Past Mistakes {venom, MP+9 Str+3}
rCold   . . .        (no shield)
rNeg    . . .        (body armour unavailable)
rPois   .            (helmet restricted)
rElec   .            (no cloak)
rCorr   .            (no gloves)
SInv    .            (no boots)
Will    +....        (no amulet)
Stlth   +            e - ring of wizardry
HPRegen 0.30/turn    l - ring of flight
MPRegen 0.15/turn

%: wizardry (x1)
@: flying
A: breathe power, AC +6, unfitting armour, cold-blooded
a: Breathe Dispelling Energy, Renounce Religion, Berserk, Trog's Hand


You were on level 5 of the Dungeon.
You worshipped Trog.
Trog was most pleased with you.
You visited 1 branch of the dungeon, and saw 5 of its levels.

You collected 139 gold pieces.

Inventory:

Hand Weapons
 i - the +2 hand axe of Past Mistakes (weapon) {venom, MP+9 Str+3}
   (You found it on level 2 of the Dungeon)

   Str:       It affects your strength (+3).
   MP:        It affects your magic capacity (+9).
Armour
 c - a +0 ring mail
Jewellery
 e - a ring of wizardry (left hand)
 l - a ring of flight (right hand)
Wands
 m - a wand of charming (13)
 o - a wand of light (8)
Scrolls
 b - a scroll of torment {unknown}
 f - a scroll of fog {unknown}
 g - a scroll of teleportation {unknown}
 n - a scroll of vulnerability {unknown}
Potions
 a - a potion of curing {unknown}
 d - a potion of attraction {unknown}
 h - a potion of berserk rage {unknown}
 j - 2 potions of ambrosia {unknown}
 k - a potion of flight {unknown}
 p - a potion of mutation {unknown}


   Skills:
 + Level 5.1 Fighting
 + Level 4.3 Long Blades
 + Level 4.6 Axes
 + Level 4.5 Dodging
 + Level 1.1 Stealth


You had 6 spell levels left.
You didn't know any spells.
Your spell library contained the following spells:

 Spells                   Type           Power      Damage    Failure   Level
 Blink                    Tloc           0%         N/A       26%         2
 Lesser Beckoning         Tloc           0%         N/A       26%         2
 Momentum Strike          Conj/Tloc      0%         3d8       26%         2
 Malign Gateway           Summ/Tloc      0%         N/A       100%        7
 Summon Horrible Things   Summ           0%         N/A       100%        8


Dungeon Overview and Level Annotations

Branches:
Dungeon (5/15)
 Temple: D:4-7

Altars:
Sif Muna
Zin

Annotations:
D:4 1 transporter


Innate Abilities, Weirdness & Mutations

You can breathe bolts of dispelling energy.
Your rich purple scales are hard. (AC +6)
You cannot fit into any form of body armour.
You are cold-blooded and may be slowed by cold attacks.


Message History

The gnoll hits you from afar with a +0 halberd.
The gnoll hits you with a +0 club. The gnoll hits you with a +0 spear.
You slash the gnoll!
You kill the gnoll!
Trog accepts your kill.
You barely miss the gnoll. The gnoll misses you.
The gnoll hits you but does no damage.
Found a white potion.
The gnoll hits you with a +0 halberd. The gnoll barely misses you.
Things that are here:
a +0 spear; a gnoll corpse You hit the gnoll but do no damage.
The gnoll is poisoned.
You closely miss the gnoll. The gnoll hits you with a +0 halberd.
The gnoll hits you with a +0 club.
* * * LOW HITPOINT WARNING * * *
You hit the gnoll.
The gnoll looks as sick as possible!
The gnoll is moderately wounded.
You closely miss the gnoll. The gnoll closely misses you.
The gnoll hits you with a +0 club.
* * * LOW HITPOINT WARNING * * *
The gnoll closely misses you. The gnoll hits you with a +0 halberd!
* * * LOW HITPOINT WARNING * * *
You slash the gnoll!
You kill the gnoll!
Trog accepts your kill.
You hit the gnoll.
The gnoll looks as sick as possible!
The gnoll closely misses you.
You barely miss the gnoll. You tail-slap the gnoll.
The gnoll is almost dead.
You kill the gnoll!
Trog accepts your kill.
An iguana comes into view.
The iguana closely misses you. The iguana closely misses you.
The iguana bites you!
* * * LOW HITPOINT WARNING * * *
The iguana barely misses you. The iguana closely misses you.
The iguana bites you!
You die...

......##..
.....:...
......... #
..???.... .
........##
.........## #.
..###.l)..# ..
#.....)@#.###
..
#....##)....# .
#.!#..#..##....
.# ..###.....#
## ##
.....)....## ..
#.#...#..#..##
.#
#..###.##...[.#
.# #..#
#..#.##..###
.#####..#
#...###....


You could see an iguana.

Vanquished Creatures
  Menkaure (D:4)
  An ogre (D:4)
  A kobold brigand (D:5)
  2 jellies
  A hound (D:5)
  Ijyb (D:4)
  A gnoll bouda (D:5)
  An orc wizard (D:5)
  4 adders
  10 gnolls
  A white imp (D:5)
  4 worms
  9 orcs
  3 ball pythons
  2 bats
  6 endoplasms
  A giant cockroach (D:2)
  5 goblins
  6 hobgoblins
  7 jackals
  2 quokkas
  3 frilled lizards
  8 kobolds
  5 rats
85 creatures vanquished.

Notes
Turn   | Place    | Note
-------+----------+-------------------------------------------
     0 | D:1      | jareczek the Draconian Berserker began the quest for the
                  | Orb.
     0 | D:1      | Reached XP level 1. HP: 19/19 MP: 1/1
   179 | D:1      | Reached XP level 2. HP: 24/26 MP: 2/2
   278 | D:2      | Identified the +2 hand axe of Past Mistakes {venom, MP+9
                  | Str+3}
   477 | D:2      | Reached XP level 3. HP: 7/31 MP: 3/3
   674 | D:2      | Reached ** piety under Trog
   687 | D:2      | Reached skill level 1 in Axes
   692 | D:2      | Reached XP level 4. HP: 16/40 MP: 4/4
  1013 | D:3      | Found a glowing silver altar of Zin.
  1425 | D:4      | Found a transporter.
  1454 | D:4      | Noticed Menkaure
  1473 | D:4      | Killed Menkaure
  1474 | D:4      | Reached skill level 4 in Fighting
  1474 | D:4      | Reached XP level 5. HP: 40/47 MP: 5/5
  1508 | D:4      | Noticed Ijyb
  1520 | D:4      | Found a shimmering blue altar of Sif Muna.
  1530 | D:4      | Killed Ijyb
  1531 | D:4      | Reached XP level 6. HP: 52/53 MP: 6/6
  2051 | D:5      | Entered Level 5 of the Dungeon
  2114 | D:5      | Reached *** piety under Trog
  2119 | D:5      | Reached skill level 1 in Stealth
  2133 | D:5      | Your scales start taking on a rich purple colour.
  2133 | D:5      | Reached XP level 7. HP: 57/60 MP: 7/7
  2245 | D:5      | Reached skill level 5 in Fighting
  2419 | D:5      | Slain by an iguana

Illustrated notes

Levels and vault maps discovered:
D:1:      ebering_trefoil_3fold, layout_basic, serial_rivers,
          chequers_serial_rivers_small_b, chequers_serial_rivers_small_3,
          chequers_serial_rivers_micro_e, chequers_serial_rivers_micro_a,
          chequers_serial_rivers_room_b
D:2:      layout_basic, st_stairs_8
D:3:      layout_basic, nicolae_overflow_crystal_walls
D:4:      gammafunk_steamed_eel, layout_gridville, led_sif_book,
          grunt_decor_mini_mirrors, abandoned_shop, minmay_cupped, uniq_ijyb,
          uniq_edmund, uniq_menkaure, uniq_eustachio
D:5:      layout_rooms, lexackson_kobold_supper, uniq_crazy_yiuf_cottage

Skill      XL: |  1  2  3  4  5  6  7 |
---------------+----------------------+-----
Dodging        | 3 4 |  4.5
Axes           | 1 2 4 |  4.6
Fighting       | 4 5 |  5.1
Long Blades    | 4 |  4.3
Stealth        | 1 |  1.1

Action                     |  1- 3 |  4- 6 |  7- 9 || total
---------------------------+-------+-------+-------++-------
  Melee: Falchion          |    23 |       |       ||    23
         Hand axe          |    35 |   102 |    83 ||   220
         Tailslap          |     5 |    19 |    20 ||    44
    Use: Potion            |       |     1 |       ||     1
 Armour: Skin              |    23 |    33 |     9 ||    65
  Dodge: Dodged            |    61 |    76 |    42 ||   179
